 Dungeon Crawl Stone Soup version 0.30-a0-743-gbfdf073431 (webtiles) character file.

Game seed: 5825502463873096932

2 xian the Sneak (level 1, 0/18 HPs)
             Began as a Demonspawn Delver on Feb 7, 2023.
             Slain by an orc
             ... wielding a +0 club
              (2 damage)
             ... on level 4 of the Dungeon.
             The game lasted 00:00:35 (85 turns).

xian the Sneak (Demonspawn Delver)                    Turns: 85, Time: 00:00:35

Health: 0/18       AC:  3    Str: 12    XL:     1   Next: 33%
Magic:  1/1        EV: 11    Int: 11    God:
Gold:   0          SH:  0    Dex: 14    Spells: 0/0 levels left

rFire   . . .      SeeInvis .    a - +0 short sword
rCold   . . .      Faith    .    (no shield)
rNeg    . . .      Spirit   .    b - +0 leather armour
rPois   .          Reflect  .    (no helmet)
rElec   .          Harm     .    (no cloak)
rCorr   .          Rampage  .    (no gloves)
Will    .....                    (no boots)
Stlth   +++                      (no amulet)
HPRegen 0.23/turn                (no ring)
MPRegen 0.07/turn                (no ring)

@: no status effects
A: no striking features
a: no special abilities


You were on level 4 of the Dungeon.
You visited 1 branch of the dungeon, and saw 2 of its levels.

Inventory:

Hand Weapons
 a - a +0 short sword (weapon)
Armour
 b - a +0 leather armour (worn)
Wands
 g - a wand of digging (3)
Scrolls
 c - a scroll of fog
 d - a scroll of magic mapping
 e - a scroll of fear
 h - a scroll of identify {unknown}
Potions
 f - a potion of haste


   Skills:
 + Level 3.0 Fighting
 + Level 1.9 Short Blades
 + Level 1.7 Dodging
 + Level 4.6 Stealth


You couldn't memorise any spells.
You didn't know any spells.
Your spell library was empty.

Dungeon Overview and Level Annotations

Branches:
Dungeon (5/15)
 Temple: D:4-7

Altars:


Message History

You see here 6 stones.
The endoplasm quivers.
You hit the endoplasm.
The endoplasm is severely wounded.
You hit the endoplasm.
You kill the endoplasm!
Found a stone staircase leading down.
A quokka comes into view.
Found a scroll labelled XUBIFEOSUJ.
The helpless quokka fails to defend itself.
You puncture the quokka!
You kill the quokka!
Found 10 gold pieces.
You see here a quokka corpse.
An orc priest and 2 orcs come into view.
You see here a scroll labelled XUBIFEOSUJ.
Found an escape hatch in the ceiling.
The orc shouts!
You hear a shout! x2
An orc comes into view. It is wielding a +0 club.
You see here a scroll labelled XUBIFEOSUJ.
h - a scroll labelled XUBIFEOSUJ The orc priest looks encouraged for a moment.
The orc hits you with a +0 club.
The orc shouts!
You hear a shout!
The orc attacks as you move away! The orc hits you with a +0 club.
The orc hits you with a +0 club.
The orc priest attacks as you move away!
The orc priest closely misses you. The orc attacks as you move away!
The orc closely misses you.
The orc priest attacks as you move away!
The orc priest hits you with a +0 mace.
* * * LOW HITPOINT WARNING * * *
The orc priest attacks as you move away!
The orc priest hits you with a +0 mace.
* * * LOW HITPOINT WARNING * * *
The orc attacks as you move away! The orc hits you but does no damage.
The orc priest attacks as you move away!
The orc priest misses you. The orc attacks as you move away!
The orc hits you with a +0 club.
You die...

.. ..
#.################# #
#.#...............#.##
#.#.#########^........
#.#.# #.........#
#.#.########.@##.>.#.#
#............oo....# #
##..########†.##...#.#.
#(## #.o##....... #w#
#.o......... #.#
####o##....#.## #.#
#o...........# ...
.o.o.#####.......<
....o...# #.#..$###


You could see an orc priest and 4 orcs.

Vanquished Creatures
  An endoplasm (D:4)
  A quokka (D:4)
2 creatures vanquished.

Notes
Turn   | Place    | Note
-------+----------+-------------------------------------------
     0 | D:5      | xian the Demonspawn Delver began the quest for the Orb.
     0 | D:5      | Reached XP level 1. HP: 18/18 MP: 1/1
    66 | D:4      | Noticed an orc priest
    85 | D:4      | Slain by an orc

Illustrated notes

Levels and vault maps discovered:
D:4:      layout_loops_ring, gammafunk_temple_overflow_forgotten
D:5:      layout_loops_ring, kennysheep_mini, mainiacjoe_overflow_paths,
          serial_shops, nicolae_shop_bloodbath_and_beyond

Action                     || total
---------------------------++-------
  Melee: Short sword       ||     7
   Stab: Sleeping          ||     1
 Armour: Leather armour    ||     1
  Dodge: Dodged            ||     5

Table legend: (Time is in decaauts)
 A = Elapsed time spent in this place.
 B = Non-inter-level travel time spent in this place.
 C = Inter-level travel time spent in this place.
 D = Time resting spent in this place.
 E = Time spent auto-exploring this place.
 F = Levels seen in this place.
 G = Mean time per level.
                   A        B        C        D        E       F      G
               +--------+--------+--------+--------+--------+-----+--------+
         Total |     84 |     84 |      0 |      0 |      6 |   2 |   42.0 |
       Dungeon |     84 |     84 |      0 |      0 |      6 |   2 |   42.0 |
               +--------+--------+--------+--------+--------+-----+--------+

Top non-repeatable levels by time:
     D:4: 50 daAuts
     D:5: 33 daAuts
